Unix NetHack Version 3.7.0-66 Work-in-progress - last build Dec 5 2022 03:26:57 (dbea811729ade750c4c0c7f8ab6145c62533a6e7,branch:master). Game began 2022-12-14 03:06:31, ended 2022-12-14 03:29:48. Kontroller, chaotic male human Barbarian -------------- ----- |............|# |...| ---------- |............|# ####-...-# |........| -------.------# # |...|# |S.S......#############[####### -------------- ##### |...|# |%@:...._| # ##########-)..^........| # -----# -------.-- # # |.............####### # # # # #.............| # # # # #|............-############ ## ###### # # ##-------------- # #----- # ## #----- # # #|...| # # ###|...|### #` #+...| -.---- -------.- ## #|...|# ## |...| |.....#######......>.| ### #-.^.|# `### |.<.| |....| |.......| # |...| ###-...| |....+ |.......| # ----- |...| |>...| |.......| # ----- |....| |........## ------ --------- Kontroller the Bandit St:18 Dx:16 Co:18 In:7 Wi:8 Ch:6 Chaotic S:2029 Dlvl:3 $:227 HP:0(59) Pw:14(14) AC:0 Xp:6/384 T:3188 Latest messages: You kill the fox! What do you want to dip? [abeg-lp-ruvx-zBCEJLNPQ or ?*] J Dip a cursed pair of buckled boots into the fountain? [yn] (n) y Nothing seems to happen. Dip a cursed pair of buckled boots into the fountain? y An endless stream of snakes pours forth! The fountain dries up! You smite the water moccasin! The water moccasin bites! The water moccasin bites! A water moccasin was hidden under an uncursed lamp called oil lamp! The water moccasin bites! You miss the water moccasin. The water moccasin bites! The water moccasin bites! The water moccasin misses! The water moccasin just misses! You kill the water moccasin! The water moccasin misses! The water moccasin misses! The water moccasin bites! The water moccasin's bite was poisoned! The poison doesn't seem to affect you. The water moccasin misses! Are you sure you want to pray? [yn] (n) y You begin praying to Set. You are surrounded by a shimmering light. The water moccasin starts to attack you, but pulls back. The water moccasin starts to attack you, but pulls back. The water moccasin starts to attack you, but pulls back. The water moccasin starts to attack you, but pulls back. The water moccasin starts to attack you, but pulls back. The water moccasin starts to attack you, but pulls back. The water moccasin starts to attack you, but pulls back. The gecko starts to attack you, but pulls back. You finish your prayer. You feel that Set is well-pleased. You miss the water moccasin. The water moccasin bites! The water moccasin bites! The gecko misses! The water moccasin just misses! You feel weak! You haven't been exercising properly. What do you want to zap? [PQ or ?*] Q In what direction? . You bash yourself! You die... Do you want your possessions identified? [ynq] (y) y Do you want to see your attributes? [ynq] (y) q Inventory: Coins $ - 227 gold pieces Weapons i - 7 +1 ya b - 7 +0 darts L - 5 blessed +0 daggers z - 5 +0 daggers q - a +0 orcish dagger a - a +0 battle-axe (weapon in hands) Armor u - an uncursed +0 dwarvish iron helm (being worn) v - an uncursed +0 pair of iron shoes (being worn) J - a cursed -1 pair of levitation boots x - an uncursed +0 dwarvish mithril-coat (being worn) Comestibles l - a cursed tripe ration Scrolls N - an uncursed scroll of magic mapping Rings r - a cursed ring of hunger j - an uncursed +1 ring of increase accuracy p - an uncursed ring of levitation g - a cursed ring of polymorph y - an uncursed ring of slow digestion Wands Q - a wand of striking (0:4) P - a blessed wand of teleportation (0:7) Tools k - a cursed sack containing 10 items E - an uncursed beartrap B - an uncursed tin whistle Gems/Stones e - an uncursed amethyst stone h - an uncursed worthless piece of white glass C - an uncursed worthless piece of yellow glass Contents of the sack: 116 gold pieces an uncursed scroll of blank paper an uncursed scroll of enchant armor an uncursed scroll of scare monster an uncursed scroll of stinking cloud a cursed scroll of teleportation an uncursed spellbook of invisibility an uncursed potion of fruit juice 2 uncursed potions of healing an uncursed potion of water Kontroller the Barbarian's attributes: Background: You were a Bandit, a level 6 male human Barbarian. You were chaotic, on a mission for Set who was opposed by Mitra (lawful) and Crom (neutral). You were in the Dungeons of Doom, on level 3. You entered the dungeon 3188 turns ago. It was nighttime. You had 384 experience points, 256 more were needed to attain level 7. Your score was 2029 before end-of-game adjustments. Basics: You had 0 out of 59 hit points. You had all 14 energy points (spell power). Your armor class was 0. Your wallet contained 227 zorkmids, and you had 116 more stashed away in your pack. Autopickup was off. Final Characteristics: Your strength was 18 (peak:18/02, limit:18/100). Your dexterity was 16 (limit:18). Your constitution was 18 (limit:18). Your intelligence was 7 (limit:18). Your wisdom was 8 (limit:18). Your charisma was 6 (limit:18). Final Status: You were not hungry. You were unencumbered. You were wielding an axe. You had basic skill with axe and could have enhanced that. Final Attributes: You were piously aligned. You were poison resistant. You were telepathic. You were guarded. You were lucky. You are dead. Miscellaneous: You never encountered a bones level. Total elapsed playing time was 23 minutes and 16 seconds. Major events: Turn 1: Kontroller the chaotic male human Barbarian entered the dungeon 523: attained the rank of Pillager (level 3) 777: found Demonbane in a shop 1593: entered the Gnomish Mines 3010: attained the rank of Bandit (level 6) 3188: zapped himself with a wand Vanquished creatures: a water moccasin a shrieker a gnome leader 2 elf zombies a giant ant 2 little dogs 2 floating eyes 4 dwarves an iguana a hobbit 8 manes a brown mold a green mold 18 gnomes a gnome zombie 2 geckos a jackal 3 foxes 2 kobolds 2 goblins 3 sewer rats 6 grid bugs 3 bats 3 lichens 3 kobold zombies 4 newts 77 creatures vanquished. No species were genocided or became extinct. Voluntary challenges: You were illiterate. You never engraved Elbereth. You never genocided any monsters. You never polymorphed an object. You never changed form. You used no wishes. Achievements: You entered a shop. You attained the rank of Pillager. You entered the Gnomish Mines. You attained the rank of Bandit. The Dungeons of Doom: levels 1 to 3 Level 1: Some fountains. Level 2: A weapon shop. Level 3: <- You were here. An altar to Set. Stairs down to The Gnomish Mines. Final resting place for you, zapped yourself with a wand. The Gnomish Mines: Level 4: Game over: ---------- / \ / REST \ / IN \ / PEACE \ / \ | Kontroller | | 343 Au | | zapped himself | | with a wand | | | | | | 2022 | *| * * * | * _________)/\\_//(\/(/\)/\//\/|_)_______ Goodbye Kontroller the Barbarian... You died in The Dungeons of Doom on dungeon level 3 with 1995 points, and 343 pieces of gold, after 3188 moves. You were level 6 with a maximum of 59 hit points when you died.